 Dungeon Crawl Stone Soup version 0.21.0-24-g2553a3340b (webtiles) character file.

74 Cecky the Grave Robber (level 4, 0/24 HPs)
             Began as a Deep Elf Necromancer on Jan 20, 2018.
             Slain by an orc wizard
             ... wielding a +0 dagger
              (2 damage)
             ... on level 2 of the Dungeon.
             The game lasted 00:06:49 (2980 turns).

Cecky the Grave Robber (Deep Elf Necromancer)       Turns: 2980, Time: 00:06:49

Health: 0/24       AC:  3    Str:  5    XL:     4   Next: 10%
Magic:  11/11      EV: 13    Int: 21    God:
Gold:   56         SH:  0    Dex: 15    Spells: 6/10 levels left

rFire    . . .     SeeInvis .   f - +0 dagger
rCold    . . .     Gourm    .   (no shield)
rNeg     . . .     Faith    .   a - +1 robe
rPois    .         Spirit   .   (no helmet)
rElec    .         Reflect  .   (no cloak)
rCorr    .         Harm     .   (no gloves)
MR       .....                  (no boots)
Stlth    ++........             (no amulet)
HPRegen  0.08/turn              (no ring)
MPRegen  0.12/turn              (no ring)

@: flying
A: no striking features
a: no special abilities


You were on level 2 of the Dungeon.
You were not hungry.

You visited 1 branch of the dungeon, and saw 2 of its levels.

You collected 56 gold pieces.

Inventory:

Hand Weapons
 f - a +0 dagger (weapon)
 h - a +3 dagger
Missiles
 l - 10 poisoned needles
Armour
 a - a +1 robe (worn)
 g - a +2 pair of gloves
Jewellery
 j - an uncursed ring of wizardry {unknown}
 n - an uncursed ring of fire {unknown}
Scrolls
 m - a scroll of amnesia {unknown}
 o - a scroll of identify {unknown}
 q - a scroll of enchant weapon {unknown}
 r - 3 scrolls of magic mapping {unknown}
 s - a scroll of teleportation
Potions
 d - a potion of flight
 e - a potion of might {unknown}
 i - a potion of agility {unknown}
 k - a potion of degeneration {unknown}
 p - a potion of resistance {unknown}
 t - a potion of curing {unknown}
Books
 b - a book of Necromancy

   Spells                             Type                      Level
   a - Pain                           Necromancy                   1
   b - Animate Skeleton               Necromancy                   1
   c - Vampiric Draining              Necromancy                   3
   d - Regeneration                   Charms/Necromancy            3
   e - Animate Dead                   Necromancy                   4
   f - Borgnjor's Vile Clutch         Necromancy/Earth             5
Comestibles
 c - 6 rations
 u - 2 chunks of flesh


   Skills:
 + Level 2.4 Dodging
 + Level 2.7 Stealth
 - Level 3.6 Spellcasting
 + Level 6.4 Necromancy


You had 6 spell levels left.
You knew the following spells:

 Your Spells              Type           Power        Failure   Level  Hunger
a - Pain                  Necr           ####         1%          1    None
b - Regeneration          Chrm/Necr      ###.......   10%         3    ###....


Dungeon Overview and Level Annotations

Branches:
Dungeon (2/15)

Altars:


Message History

Beogh smites you!
Ouch! That really hurt!
* * * LOW HITPOINT WARNING * * *
The orc wizard hits you but does no damage.
You bump into the rock wall.
You feel less confused. The orc wizard hits you with a dagger.
* * * LOW HITPOINT WARNING * * *
The orc wizard casts a spell.
The orc wizard flickers and vanishes!
Deactivating autopickup; reactivate with Ctrl-A.
The orc wizard barely misses you.
Quiver which item? (- for none, * to show all) (? for menu, Esc to quit)
You don't have any such object.
Quiver which item? (- for none, * to show all) (? for menu, Esc to quit)
Okay, then.
It was a potion of flight.
You feel very buoyant.
You fly up into the air.
The orc wizard hits you with a dagger.
You die...

#.......#....o#######
#.#####.#.##...#
###.#####.#....#.######
#..>.....o.............
#.#.#.oo..#....###.####
#.#.#.{####........#
#.#.#...............
#.#.#.oo.#########.##
#.#)##@#.# ...
#.#.#..#.# ...
###.#.#.##.# ###
#...#.#....#
#.###.###### #.# #)#
#.# #.# #.###.##
#......#


You could see an orc priest, 2 orc wizards and an orc.

Vanquished Creatures
  2 adders (D:2)
  A worm (D:2)
  A dart slug (D:2)
  A leopard gecko (D:1)
  2 orcs (D:2)
  A ball python (D:1)
  A giant cockroach (D:1)
  7 goblins
  4 hobgoblins
  6 jackals (D:1)
  3 quokkas (D:2)
  4 bats
  3 frilled lizards
  8 kobolds
  3 rats
47 creatures vanquished.

Notes
Turn   | Place    | Note
-------+----------+-------------------------------------------
     0 | D:1      | Cecky the Deep Elf Necromancer began the quest for the Orb.
     0 | D:1      | Reached XP level 1. HP: 10/10 MP: 6/6
   140 | D:1      | Reached skill level 5 in Necromancy
   579 | D:1      | Reached XP level 2. HP: 15/15 MP: 6/8
  1518 | D:2      | Reached XP level 3. HP: 13/19 MP: 2/10
  1635 | D:1      | Learned a level 3 spell: Regeneration
  2047 | D:2      | Reached skill level 6 in Necromancy
  2394 | D:2      | Reached XP level 4. HP: 24/24 MP: 9/11
  2980 | D:2      | Slain by an orc wizard

Skill      XL: |  1  2  3 |
---------------+----------+-----
Necromancy     | 5 6 |  6.4
Dodging        | |  2.4
Stealth        | |  2.7
Spellcasting   | |  3.6

Action                   |  1- 3 |  4- 6 || total
-------------------------+-------+-------++-------
Melee: Dagger            |     1 |       ||     1
 Cast: Pain              |    70 |     9 ||    79
       Regeneration      |       |     1 ||     1
  Use: Scroll            |     3 |       ||     3
       Potion            |       |     1 ||     1
  Eat: Chunk             |     4 |       ||     4
       Ration            |       |     1 ||     1
Armor: Robe              |     1 |     1 ||     2
Dodge: Dodged            |    13 |     1 ||    14
